 Dungeon Crawl Stone Soup version 0.28.0-53-g5a82cb258f (webtiles) character file.

Game seed: 18125123491997376606

92 Zeld the Conjurer (level 4, 0/24 HPs)
             Began as a Deep Elf Conjurer on May 24, 2022.
             Slain by Robin
             ... wielding a +0 trident of flaming
              (1 damage)
             ... on level 3 of the Dungeon.
             The game lasted 00:03:19 (2847 turns).

Zeld the Conjurer (Deep Elf Conjurer)               Turns: 2847, Time: 00:03:21

Health: 0/24       AC:  2    Str:  4    XL:     4   Next: 35%
Magic:  7/12       EV: 12    Int: 25    God:
Gold:   33         SH:  0    Dex: 13    Spells: 0/11 levels left

rFire   . . .      SeeInvis .   (no weapon)
rCold   . . .      Faith    .   (no shield)
rNeg    . . .      Spirit   .   a - +0 robe
rPois   .          Reflect  .   (no helmet)
rElec   .          Harm     .   (no cloak)
rCorr   .          Rampage  .   (no gloves)
Will    .....                   (no boots)
Stlth   ++........              (no amulet)
HPRegen 0.08/turn               (no ring)
MPRegen 0.13/turn               (no ring)

@: no status effects
A: no striking features
a: no special abilities


You were on level 3 of the Dungeon.
You visited 1 branch of the dungeon, and saw 3 of its levels.

You collected 33 gold pieces.

Inventory:

Armour
 a - a +0 robe (worn)
Scrolls
 d - a scroll of immolation {unknown}
 e - a scroll of teleportation {unknown}
Potions
 b - 2 potions of mutation {unknown}
 c - 2 potions of heal wounds
 f - a potion of curing {unknown}


   Skills:
 - Level 2.4 Dodging
 - Level 2.4 Stealth
 + Level 4.2 Spellcasting
 + Level 5.1 Conjurations
 - Level 2.0 Hexes
 - Level 2.0 Translocations


You couldn't memorise any spells.
You knew the following spells:

 Your Spells              Type           Power      Damage    Failure   Level
a - Magic Dart            Conj           100%       1d8       1%          1
b - Searing Ray           Conj           60%        2d6       1%          2
c - Fulminant Prism       Conj/Hex       11%        3d9       21%         4
d - Iskenderun's Mystic   Conj/Tloc      23%        2d6       21%         4

Your spell library contained the following spells:

 Spells                   Type           Power      Damage    Failure   Level
 Dazzling Flash           Conj/Hex       46%        N/A       6%          3
 Ensorcelled Hibernation  Hex/Ice        20%        N/A       9%          2
 Gell's Gravitas          Tloc           15%        N/A       12%         3
 Teleport Other           Tloc           15%        N/A       12%         3
 Spider Form              Tmut/Pois      5%         N/A       26%         3
 Anguish                  Hex/Necr       5%         N/A       52%         4
 Dispersal                Tloc           7%         N/A       99%         6


Dungeon Overview and Level Annotations

Branches:
Dungeon (3/15)

Altars:
Okawaru

Annotations:
D:3 Robin


Message History

Robin roars a battlecry!
You hear a shout!
There is a stone staircase leading up here.
There is a stone staircase leading up here.
You climb upwards.
There is a stone staircase leading down here.
You start resting.
Magic restored.
You start resting.
HP restored.
You climb downwards.
Level annotation: Robin Robin hits you from afar with a +0 trident of flaming.
Robin burns you.
There is a stone staircase leading up, spattered with blood here.
Casting: Searing Ray (safe; 1% risk of failure)
Confirm with . or Enter, or press ? or * to list all spells.
Aiming: Searing Ray (safe; 1% risk of failure)
Press: ? - help, Shift-Dir - straight line, f - Robin
Aim: Robin, wielding a +0 trident of flaming, wearing a +0 animal skin and wearing a +0 helmet (85% to hit)
The searing ray hits Robin.
Robin is lightly wounded. (Press . to maintain the ray.) Robin hits you from afar with a +0 trident of flaming.
Robin burns you.
The searing ray misses Robin.
Robin closely misses you.
The searing ray hits Robin!
Robin is severely wounded.
Robin drinks a potion.
Robin is healed!
The searing ray hits Robin!
Robin is heavily wounded.
You finish channelling your searing ray.
Robin hits you from afar with a +0 trident of flaming!
* * * LOW HITPOINT WARNING * * *
Robin burns you.
* * * LOW HITPOINT WARNING * * *
Robin hits you from afar with a +0 trident of flaming.
* * * LOW HITPOINT WARNING * * *
Robin burns you.
You die...

..(..#...........#
.....#....######.#
..........+ #
+#.##....# #
#....## #.##.#
#.##.# #.##.###
#g<@...# #..#.#.#
#..#.#.# #..#.#.#
#..#.#.# #..#.#.#
#..#.#.# ####.#.#
#.#


You could see Robin.

Vanquished Creatures
  3 adders (D:2)
  2 worms (D:2)
  2 dart slugs (D:2)
  5 ball pythons
  4 endoplasms
  A giant cockroach (D:1)
  8 goblins
  3 hobgoblins
  A quokka (D:1)
  3 bats
  3 frilled lizards
  15 kobolds
  3 rats
53 creatures vanquished.

Notes
Turn   | Place    | Note
-------+----------+-------------------------------------------
     0 | D:1      | Zeld the Deep Elf Conjurer began the quest for the Orb.
     0 | D:1      | Reached XP level 1. HP: 10/10 MP: 6/6
   133 | D:1      | Reached skill level 1 in Hexes
   175 | D:1      | Reached XP level 2. HP: 15/15 MP: 6/8
   234 | D:1      | Reached skill level 1 in Translocations
   326 | D:1      | Learned a level 2 spell: Searing Ray
  1143 | D:2      | Reached XP level 3. HP: 19/19 MP: 6/9
  1994 | D:2      | Reached XP level 4. HP: 24/24 MP: 8/11
  2027 | D:2      | Learned a level 4 spell: Fulminant Prism
  2128 | D:2      | Reached skill level 5 in Conjurations
  2134 | D:2      | Learned a level 4 spell: Iskenderun's Mystic Blast
  2260 | D:2      | Found an iron altar of Okawaru.
  2545 | D:3      | Noticed Robin
  2555 | D:3      | HP: 1/24 [Robin/+0 trident of flaming (3)]
  2847 | D:3      | HP: 1/24 [Robin/+0 trident of flaming (4)]
  2847 | D:3      | Slain by Robin

Illustrated notes

Levels and vault maps discovered:
D:1:      minmay_arrival_shoal_huts, layout_basic
D:2:      minmay_evil_eye, layout_loops_cross, basic_altar
D:3:      layout_basic, nicolae_overflow_hidden_temple, uniq_ijyb, uniq_robin,
          uniq_crazy_yiuf_cottage

Skill      XL: |  1  2  3  4 |
---------------+-------------+-----
Hexes          | 1 2 |  2.0
Translocations | 1 2 |  2.0
Spellcasting   | 4 |  4.2
Conjurations   | 5 |  5.1
Dodging        | |  2.4
Stealth        | |  2.4

Action                   |  1- 3 |  4- 6 || total
-------------------------+-------+-------++-------
Melee: Unarmed           |     2 |       ||     2
 Cast: Magic Dart        |    35 |       ||    35
       Searing Ray       |    15 |    11 ||    26
Armor: Robe              |     1 |     1 ||     2
Dodge: Dodged            |     9 |     9 ||    18
